 Dungeon Crawl Stone Soup version 0.28.0 (webtiles) character file.

Game seed: 9930537787978302431

761 DZHaart the Ducker (level 8, -8/54 HPs)
             Began as a Djinni Venom Mage on Oct 10, 2022.
             Mangled by an ogre (11 damage)
             ... on level 5 of the Dungeon on Nov 8, 2022.
             The game lasted 00:48:00 (6605 turns).

DZHaart the Ducker (Djinni Venom Mage)              Turns: 6605, Time: 00:48:02

Health: -8/54      AC: 12    Str:  7    XL:     8   Next: 8%
Gold:   177        EV:  3    Int: 20    God:
                   SH:  0    Dex: 13

rFire   + + .      SeeInvis .   e - +0 hunting sling
rCold   x . .      Faith    .   (no shield)
rNeg    + . .      Spirit   .   s - +3 chain mail
rPois   ∞          Reflect  .   (no helmet)
rElec   .          Harm     .   (no cloak)
rCorr   .          Rampage  .   (no gloves)
Will    .....                   (boots unavailable)
Stlth   ..........              (no amulet)
HPRegen 0.18/turn               g - ring of positive energy
MPRegen 0.00/turn               (no ring)

@: flying
A: sickness immunity, fire resistance 2, cold vulnerability 1, float, innate
caster, HP casting, extra vitality 1
a: no special abilities


You were on level 5 of the Dungeon.
You visited 1 branch of the dungeon, and saw 5 of its levels.

You collected 177 gold pieces.

Inventory:

Hand Weapons
 e - a +0 hunting sling (weapon)
 h - a +0 hand axe
Missiles
 a - 5 poisoned darts
 c - 84 stones (quivered ammo)
 j - 44 sling bullets
 n - 4 javelins
 r - a throwing net
Armour
 f - a +0 leather armour
 s - a +3 chain mail (worn)
Jewellery
 g - a ring of positive energy (left hand)
Wands
 o - a wand of digging (10)
 u - a wand of polymorph (6)
Scrolls
 b - 2 scrolls of identify
 i - a scroll of brand weapon {unknown}
 l - a scroll of enchant weapon {unknown}
 q - a scroll of silence {unknown}
 t - a scroll of blinking {unknown}
 v - a scroll of fear {unknown}
Potions
 k - a potion of heal wounds
 m - a potion of brilliance {unknown}
 p - a potion of resistance {unknown}


   Skills:
 + Level 2.1 Fighting
 - Level 2.0 Slings
 - Level 3.0 Armour
 - Level 5.1 Dodging
 - Level 1.5 Stealth
 * Level 4.6 Spellcasting


You couldn't memorise any spells.
You knew the following spells:

 Your Spells              Type           Power      Damage    Failure   Level
a - Freeze                Ice            92%        1d10      99%         1
b - Poisonous Vapours     Pois/Air       46%        N/A       99%         2
c - Mephitic Cloud        Conj/Pois/Air  23%        N/A       100%        3
d - Scorch                Fire           46%        2d7       99%         2
e - Olgreb's Toxic Radia  Pois           23%        N/A       100%        4
f - Dazzling Flash        Conj/Hex       46%        N/A       100%        3
s - Sting                 Tmut/Pois      92%        1d7       99%         1
Your spell library was empty.

Dungeon Overview and Level Annotations

Branches:
Dungeon (5/15)
 Temple: D:4-7

Altars:
Qazlal

Annotations:
D:4 2 transporters


Innate Abilities, Weirdness & Mutations

You are immune to sickness and miasma.
You are immune to poison.
Your flesh is very heat resistant. (rF++)
You are vulnerable to cold. (rC-)
You float through the air rather than walking.
You learn spells naturally, not from books.
Your magical power is your life essence.
You have superior vitality. (+4 MHP)


Message History

An ogre comes into view. It is wielding a +0 giant club.
The ogre shouts!
You shoot a stone. The stone hits the ogre.
The ogre is lightly wounded.
You shoot a stone. The stone hits the ogre.
The ogre is moderately wounded.
You shoot a stone. The stone hits the ogre.
The ogre is moderately wounded.
You shoot a stone. The stone hits the ogre.
The ogre is severely wounded.
You shoot a stone. The stone barely misses the ogre.
You shoot a stone.
The stone hits the ogre but does no damage.
The ogre is severely wounded.
The ogre hits you with a +0 giant club!
You shoot a stone. The stone hits the ogre.
The ogre is severely wounded.
The ogre hits you with a +0 giant club!
You are too injured to fight recklessly!
Fire: 87 stones
Press: ? - help, Q - select action, (/) - cycle Shift-Dir - straight line, f/p - ogre
Aim: an ogre, wielding a +0 giant club (severely wounded, 74% to hit)
You shoot a stone. The stone hits the ogre.
The ogre is severely wounded.
The ogre hits you with a +0 giant club.
Fire: 86 stones
Press: ? - help, Q - select action, (/) - cycle Shift-Dir - straight line, f/p - ogre
Aim: an ogre, wielding a +0 giant club (severely wounded, 74% to hit)
You shoot a stone. The stone hits the ogre.
The ogre is almost dead.
The ogre hits you with a +0 giant club!!
* * * LOW HITPOINT WARNING * * *
Unknown command.
Fire: 85 stones
Press: ? - help, Q - select action, (/) - cycle Shift-Dir - straight line, f/p - ogre
Aim: an ogre, wielding a +0 giant club (almost dead, 74% to hit)
You shoot a stone. The stone hits the ogre.
The ogre is almost dead.
The ogre hits you with a +0 giant club!
You die...

#### #..#
#.<# #..#
#(@# #.O#
#(## #(#
#.(......
#..(.....
##.......
..(....
..(....


You could see an ogre.

Vanquished Creatures
  Grinder (D:4)
  Menkaure (D:4)
  An ogre (D:4)
  A scorpion (D:4)
  2 orc priests (D:3)
  A gnoll shaman (D:4)
  Ijyb (D:4)
  An orc wizard (D:3)
  A gnoll (D:3)
  4 adders
  An ufetubus (D:4)
  A worm (D:2)
  2 dart slugs
  8 orcs
  7 ball pythons
  3 bats (D:1)
  8 endoplasms
  5 giant cockroaches
  6 goblins
  6 hobgoblins
  3 jackals (D:2)
  3 quokkas
  5 frilled lizards
  11 kobolds
  6 rats
89 creatures vanquished.

Vanquished Creatures (others)
  25 plants (D:2)
25 creatures vanquished.

Grand Total: 114 creatures vanquished

Notes
Turn   | Place    | Note
-------+----------+-------------------------------------------
     0 | D:1      | DZHaart the Djinni Venom Mage began the quest for the Orb.
     0 | D:1      | Reached XP level 1. HP: 15/15 MP: 0/0
   186 | D:1      | Reached skill level 1 in Fighting
   210 | D:1      | Reached XP level 2. HP: 22/22 MP: 0/0
   664 | D:1      | Reached XP level 3. HP: 25/28 MP: 0/0
   664 | D:1      | Learned a level 1 spell: Freeze
   855 | D:1      | Found a faded altar of an unknown god.
  1350 | D:2      | Reached skill level 3 in Dodging
  1436 | D:2      | Reached XP level 4. HP: 11/33 MP: 0/0
  1501 | D:2      | Reached skill level 1 in Slings
  2041 | D:2      | Reached skill level 1 in Armour
  2165 | D:2      | Found a stormy altar of Qazlal.
  3269 | D:3      | Reached XP level 5. HP: 30/38 MP: 0/0
  3269 | D:3      | Learned a level 2 spell: Scorch
  4405 | D:3      | Reached XP level 6. HP: 40/43 MP: 0/0
  4604 | D:4      | Noticed an ogre
  4605 | D:4      | Noticed Ijyb
  4608 | D:4      | Noticed Menkaure
  5104 | D:4      | Killed Ijyb
  5164 | D:4      | Killed an ogre
  5203 | D:4      | Reached skill level 4 in Dodging
  5203 | D:4      | Reached XP level 7. HP: 38/49 MP: 0/0
  5203 | D:4      | Learned a level 3 spell: Dazzling Flash
  5315 | D:4      | Noticed Grinder
  5328 | D:4      | Killed Grinder
  5587 | D:4      | Killed Menkaure
  5588 | D:4      | Reached skill level 5 in Dodging
  5588 | D:4      | Reached XP level 8. HP: 23/54 MP: 0/0
  5820 | D:4      | Found a transporter.
  5838 | D:4      | Found a transporter.
  6185 | D:5      | Entered Level 5 of the Dungeon
  6605 | D:5      | Mangled by an ogre

Illustrated notes

Levels and vault maps discovered:
D:1:      minmay_arrival_hallway, layout_loops_ring,
          chequers_ecumenical_altar_simple
D:2:      layout_basic, basic_altar, serial_bayou, serial_bayou_shore_b,
          serial_bayou_lagoon_a, serial_bayou_pond_d, serial_bayou_crossing,
          hangedman_decor_points
D:3:      layout_basic
D:4:      gammafunk_steamed_eel, layout_basic, enter_ossuary_5, kennysheep_dice,
          uniq_ijyb, uniq_grinder, uniq_menkaure
D:5:      minmay_recursive_quarters, layout_rooms,
          chequers_serial_rivers_small_a

Skill      XL: |  1  2  3  4  5  6  7 |
---------------+----------------------+-----
Fighting       | 1 2 |  2.1
Dodging        | 3 4 5 |  5.1
Slings         | 1 2 |  2.0
Armour         | 1 3 |  3.0
Spellcasting   | 3 4 |  4.6
Stealth        | |  1.5

Action                   |  1- 3 |  4- 6 |  7- 9 || total
-------------------------+-------+-------+-------++-------
Melee: Dagger            |     2 |       |       ||     2
       Hand axe          |       |       |    16 ||    16
 Fire: Hunting sling     |    59 |   124 |    42 ||   225
 Cast: Sting             |     6 |     1 |       ||     7
       Poisonous Vapours |    10 |    38 |       ||    48
       Freeze            |    14 |     8 |       ||    22
       Mephitic Cloud    |       |     6 |       ||     6
       Scorch            |       |    11 |    17 ||    28
  Use: Potion            |       |       |     2 ||     2
       Scroll            |       |       |     1 ||     1
Armor: Robe              |     3 |       |       ||     3
       Leather armour    |     8 |    20 |       ||    28
       Chain mail        |       |       |    27 ||    27
Dodge: Dodged            |    18 |    46 |    13 ||    77
